 Dungeon Crawl Stone Soup version 0.28-a0-1241-gf280a0fbb2 (webtiles) character file.

Game seed: 8944465666432026332

13101 BlueGoblin the Cleaver (level 12, 0/175 HPs)
             Began as a Naga Berserker on Dec 26, 2021.
             Was a Believer of Trog.
             Slain by a 20-headed hydra (2 damage)
             ... on level 2 of the Lair of Beasts.
             The game lasted 00:23:10 (17525 turns).

BlueGoblin the Cleaver (Naga Berserker)            Turns: 17525, Time: 00:23:12

Health: 0/175      AC: 17    Str: 23    XL:     12   Next: 2%
Magic:  12/12      EV:  3    Int:  9    God:    Trog [**....]
Gold:   657        SH: 15    Dex: 11    Spells: 11/11 levels left

rFire   + . .      SeeInvis +   a - +3 hand axe (freeze)
rCold   . . .      Faith    .   C - +2 tower shield
rNeg    . . .      Spirit   .   f - +1 plate armour {rF+}
rPois   +          Reflect  .   i - +0 helmet
rElec   .          Harm     .   G - +1 cloak
rCorr   +          Rampage  .   (no gloves)
Will    +....                   (no barding)
Stlth   ..........              p - amulet of regeneration
HPRegen 1.19/turn               u - ring of resist corrosion
MPRegen 0.13/turn               (no ring)

@: berserking (expiring), studying Fighting, quick
A: AC +4, large, see invisible, deformed body, poison resistance, slowness 2,
spit poison 1, naga tail 1
a: Spit Poison, Renounce Religion, Berserk, Trog's Hand


You were on level 2 of the Lair of Beasts.
You worshipped Trog.
Trog was pleased with you.
You visited 2 branches of the dungeon, and saw 12 of its levels.

You collected 657 gold pieces.

Inventory:

Hand Weapons
 a - a +3 hand axe of freezing (weapon)
 b - a +3 vorpal flail
 g - a +0 vampiric lajatang
Armour
 f - a +1 plate armour of fire resistance (worn)
 i - a +0 helmet (worn)
 C - a +2 tower shield (worn)
 G - a +1 cloak (worn)
Jewellery
 p - an amulet of regeneration (around neck)
 q - an amulet of reflection
 u - a ring of resist corrosion (left hand)
Wands
 d - a wand of paralysis (22)
 y - a wand of flame (7)
 A - a wand of polymorph (3)
 F - a wand of acid (6)
Scrolls
 e - a scroll of fog
 j - a scroll of blinking
 m - 2 scrolls of magic mapping
 n - a scroll of silence
 v - a scroll of identify
 w - a scroll of teleportation
 D - a scroll of enchant armour {unknown}
 E - a scroll of vulnerability {unknown}
Potions
 c - 2 potions of curing
 h - 4 potions of lignification
 k - a potion of cancellation {unknown}
 l - a potion of might
 o - a potion of resistance {unknown}
 r - a potion of berserk rage {unknown}
 s - a potion of ambrosia {unknown}
 t - 2 potions of flight
 x - a potion of haste {unknown}
 z - a potion of attraction {unknown}
 B - a potion of heal wounds


   Skills:
 + Level 10.5 Fighting
 + Level 11.1 Axes
 + Level 8.2 Armour
 + Level 5.3 Dodging
 + Level 6.5 Shields


You had 11 spell levels left.
You didn't know any spells.
Your spell library was empty.

Dungeon Overview and Level Annotations

Branches:
Dungeon (10/15)            Temple (0/1) D:5            Lair (2/6) D:10
  Swamp: Lair:2-4    Shoals: Lair:2-4     Snake: Lair:2-4    Spider: Lair:2-4
    Orc: D:9-12

Altars:
Dithmenos
Gozag
Kikubaaqudgha
Makhleb
Ru
Trog
Vehumet
Zin

Shops:
D:1 =   D:2 (   D:4 *   D:5 [

Annotations:
D:7 3 runed translucent doors, anet's ghost, novice GnDe


Innate Abilities, Weirdness & Mutations

Your serpentine skin is tough. (AC +4)
You have supernaturally acute eyesight. (SInv)
Armour fits poorly on your strangely shaped body.
Your system is resistant to poisons. (rPois)
You cover ground very slowly.
You can spit poison.
You have a snake-like lower body.


Message History

The 19-headed hydra bites you but does no damage.
You block the 19-headed hydra's attack. x2
The 19-headed hydra bites you but does no damage. x3
You block the 19-headed hydra's attack. The 19-headed hydra bites you!
The 19-headed hydra bites you.
* * * LOW HITPOINT WARNING * * *
The 19-headed hydra bites you!
* * * LOW HITPOINT WARNING * * *
The 19-headed hydra bites you!
* * * LOW HITPOINT WARNING * * *
The 19-headed hydra bites you but does no damage.
The 19-headed hydra bites you.
* * * LOW HITPOINT WARNING * * *
You block the 19-headed hydra's attack. The 19-headed hydra barely misses you.
The 19-headed hydra bites you.
* * * LOW HITPOINT WARNING * * *
The 19-headed hydra bites you!
* * * LOW HITPOINT WARNING * * *
The 19-headed hydra bites you!
* * * LOW HITPOINT WARNING * * *
You block the 19-headed hydra's attack.
Unknown command.
You are too berserk!
You are too berserk!
You lop one of the 19-headed hydra's heads off!
The 18-headed hydra grows two more!
You hit the 20-headed hydra. You freeze the 20-headed hydra.
The 20-headed hydra is severely wounded.
You lop one of the 20-headed hydra's heads off!
You slash the 19-headed hydra!
The 19-headed hydra seems to slow down.
You freeze the 19-headed hydra.
The 19-headed hydra is almost dead.
You lop one of the 19-headed hydra's heads off!
The 18-headed hydra grows two more!
You slash the 20-headed hydra!
The 20-headed hydra seems to slow down.
You freeze the 20-headed hydra.
The 20-headed hydra is almost dead.
The 20-headed hydra bites you.
* * * LOW HITPOINT WARNING * * *
The 20-headed hydra bites you.
You die...

####.#..#...##..
###...............
#.#...............
##.....#..........
###....###.........
##......##P.........
##.......###.........
##...†....#
#......##.
#..(.@††### ########
# ##....D...#
#........##
##.......# #........#
#........# #........#
#.......#.#
#........#.


You could see a 20-headed hydra (slow).

Vanquished Creatures
  Fannar (D:10)
  Nergalle (D:10)
  Joseph (D:8)
  A cane toad (Lair:1)
  Psyche (D:8)
  A komodo dragon (D:10)
  A rime drake (Lair:1)
  2 trolls (D:9)
  4 polar bears (Lair:2)
  4 blink frogs (Lair:2)
  19 yaks
  2 wyverns (D:8)
  Eustachio (D:6)
  A vampire mosquito (D:10)
  A steam dragon (D:8)
  Menkaure (D:4)
  6 water moccasins
  2 orc warriors
  An ice beast (D:7)
  3 black bears (D:10)
  2 necrophages
  3 ogres
  5 centaurs
  6 wolves (Lair:2)
  2 phantoms (D:6)
  2 kobold brigands (D:8)
  7 bullfrogs
  A water moccasin zombie (D:5)
  4 scorpions
  A water moccasin skeleton (D:4)
  3 wights (D:9)
  3 electric eels (Lair:1)
  9 howler monkeys
  3 lava snakes (Lair:1)
  3 centaur zombies
  4 hounds
  A jelly (D:4)
  2 bullfrog skeletons
  4 orc priests
  3 iguanas
  6 orc wizards
  A howler monkey zombie (D:8)
  7 adders
  A white imp (D:7)
  2 ufetubi
  The ghost of MordorOrchid the Covert, a weakling GnDe of Okawaru (D:5)
  3 dart slugs
  23 orcs
  3 bats
  9 endoplasms
  A giant cockroach (D:2)
  5 goblins
  4 hobgoblins
  3 jackals (D:2)
  6 quokkas
  8 ball pythons
  5 frilled lizards
  14 kobolds
  5 rats
229 creatures vanquished.

Vanquished Creatures (others)
  33 fungi
  46 plants
79 creatures vanquished.

Grand Total: 308 creatures vanquished

Notes
Turn   | Place    | Note
-------+----------+-------------------------------------------
     0 | D:1      | BlueGoblin the Naga Berserker began the quest for the Orb.
     0 | D:1      | Reached XP level 1. HP: 21/21 MP: 1/1
    72 | D:1      | Found a faded altar of an unknown god.
   427 | D:1      | Reached XP level 2. HP: 28/28 MP: 2/2
   509 | D:1      | Found Feyzow's Jewellery Emporium.
   987 | D:1      | Reached XP level 3. HP: 34/34 MP: 3/3
  2249 | D:2      | Found Ucapeure's Weapon Shoppe.
  2350 | D:2      | Reached ** piety under Trog
  2888 | D:3      | Reached XP level 4. HP: 43/43 MP: 4/4
  3137 | D:3      | Noticed a scorpion
  3144 | D:3      | Killed a scorpion
  3145 | D:3      | Reached skill level 4 in Axes
  3145 | D:3      | Reached XP level 5. HP: 50/50 MP: 5/5
  3727 | D:4      | Found Ugoe's General Store.
  3879 | D:4      | Found a burning altar of Makhleb.
  3933 | D:4      | Reached XP level 6. HP: 38/58 MP: 6/6
  4592 | D:4      | Noticed Menkaure
  4600 | D:4      | Killed Menkaure
  4601 | D:4      | Reached skill level 5 in Axes
  4601 | D:4      | Reached XP level 7. HP: 66/66 MP: 7/7
  5073 | D:5      | Entered Level 5 of the Dungeon
  5360 | D:5      | Found a runed translucent door.
  5365 | D:5      | Noticed MordorOrchid's ghost (weakling GnDe)
  5368 | D:5      | Found Ycwea's Antique Armour Emporium.
  5458 | D:5      | Reached skill level 5 in Fighting
  5640 | D:5      | Identified a scroll of acquirement
  5640 | D:5      | Acquired a manual of Fighting
  5824 | D:5      | Reached XP level 8. HP: 74/74 MP: 8/8
  5937 | D:5      | Reached skill level 6 in Axes
  6273 | D:5      | Reached skill level 1 in Shields
  7035 | D:5      | Found a staircase to the Ecumenical Temple.
  7275 | D:5      | Reached skill level 5 in Armour
  7523 | D:5      | Killed MordorOrchid's ghost
  8257 | D:6      | Noticed Eustachio
  8358 | D:6      | Killed Eustachio
  8648 | D:6      | Reached skill level 7 in Axes
  8848 | D:6      | Reached XP level 9. HP: 47/85 MP: 9/9
 10255 | D:7      | Found a sacrificial altar of Ru.
 10256 | D:7      | Found an ancient bone altar of Kikubaaqudgha.
 10258 | D:7      | Found an opulent altar of Gozag.
 10260 | D:7      | Found a bloodstained altar of Trog.
 10260 | D:7      | Found a shadowy altar of Dithmenos.
 10261 | D:7      | Found a radiant altar of Vehumet.
 10507 | D:7      | Found a runed translucent gate.
 10508 | D:7      | Found a runed translucent gate.
 10508 | D:7      | Found an opulent altar of Gozag.
 10516 | D:7      | Found a runed translucent gate.
 10575 | D:7      | Noticed a gargoyle
 10576 | D:7      | Noticed a komodo dragon
 10577 | D:7      | Noticed a troll
 10577 | D:7      | Noticed anet's ghost (novice GnDe)
 10769 | D:7      | Identified the +1 chain mail of Qutugoi {Str+4 Dex+3
                  | Slay-2}
 11338 | D:8      | Noticed Psyche
 11351 | D:8      | Killed Psyche
 11352 | D:8      | Reached skill level 8 in Axes
 11748 | D:8      | Noticed Joseph
 11764 | D:8      | Killed Joseph
 11765 | D:8      | Reached XP level 10. HP: 81/94 MP: 10/10
 13648 | D:9      | Reached skill level 9 in Axes
 14266 | D:10     | Entered Level 10 of the Dungeon
 14273 | D:10     | Found a glowing silver altar of Zin.
 14364 | D:10     | Reached skill level 5 in Dodging
 14518 | D:10     | Reached skill level 10 in Axes
 14677 | D:10     | Reached XP level 11. HP: 106/106 MP: 11/11
 14714 | D:10     | Noticed Fannar
 14742 | D:10     | Killed Fannar
 14787 | D:10     | Noticed Nergalle
 14809 | D:10     | Killed Nergalle
 14810 | D:10     | Reached skill level 5 in Shields
 14899 | D:10     | Found a staircase to the Lair.
 15369 | Lair:1   | Entered Level 1 of the Lair of Beasts
 15399 | Lair:1   | Reached skill level 10 in Fighting
 17169 | Lair:2   | Reached skill level 11 in Axes
 17482 | Lair:2   | Reached XP level 12. HP: 117/117 MP: 12/12
 17503 | Lair:2   | Noticed a seven-headed hydra
 17522 | Lair:2   | HP: 4/175 [19-headed hydra (9)]
 17525 | Lair:2   | Slain by a 20-headed hydra

Illustrated notes

Levels and vault maps discovered:
D:1:      shiori_arrival_maze, layout_basic, serial_shops,
          nicolae_shop_hallway_stairs, shapermc_ecumenical_altar_ellora
D:2:      layout_basic, serial_shops, shop, nrook_campfire
D:3:      layout_loops_ring
D:4:      layout_loops_ring, bloody_makhleb, serial_shops, shop_coins,
          minmay_bisected, uniq_menkaure
D:5:      layout_cave_pods, minmay_temple_entry_junction, serial_shops,
          nicolae_diamond_shop, ebering_ghost_sewer_d
D:6:      layout_basic, uniq_eustachio
D:7:      layout_cave_pools, grunt_temple_overflow_open, ebering_ghost_gozag
D:8:      layout_layer_cave, blue_anna_alchemist, uniq_psyche, uniq_joseph
D:9:      layout_loops_ring
D:10:     layout_irregular_city, zin_statuary, due_lair_maze_entry_diamond,
          hellmonk_bongcloud_opening, wad_floor_pattern_2, st_stairs_9,
          uniq_nergalle, uniq_fannar
Lair:1:   layout_cave_pods, nicolae_lair_liquid_snakes, grunt_megastairs_4
Lair:2:   layout_hall_layers, cheibrodos_lair_lostbears

Skill      XL: |  1  2  3  4  5  6  7  8  9 10 11 |
---------------+----------------------------------+-----
Axes           | 4 5 7 8 10 11 | 11.1
Armour         | 2 3 4 5 6 7 8 |  8.2
Dodging        | 2 3 5 |  5.3
Fighting       | 4 5 6 7 9 10 | 10.5
Shields        | 1 3 4 6 |  6.5

Action                   |  1- 3 |  4- 6 |  7- 9 | 10-12 || total
-------------------------+-------+-------+-------+-------++-------
Melee: Hand axe          |   107 |    75 |   400 |   428 ||  1010
       Flail             |       |       |    10 |       ||    10
Invok: Berserk           |     3 |     3 |    15 |    16 ||    37
 Abil: Spit Poison       |    32 |    18 |    37 |    14 ||   101
  Use: Scroll            |     3 |       |    12 |     3 ||    18
       Potion            |       |       |     4 |     4 ||     8
Armor: Animal skin       |     4 |       |       |       ||     4
       Scale mail        |    28 |    35 |    90 |       ||   153
       Chain mail        |       |       |   103 |       ||   103
       Skin              |       |       |     4 |    14 ||    18
       Leather armour    |       |       |    37 |    68 ||   105
       Plate armour      |       |       |       |   247 ||   247
Dodge: Dodged            |    65 |    30 |   100 |   119 ||   314
Block: Buckler           |       |     7 |     7 |       ||    14
       Kite shield       |       |       |   136 |    59 ||   195
       Tower shield      |       |       |       |   320 ||   320

Table legend: (Time is in decaauts)
 A = Elapsed time spent in this place.
 B = Non-inter-level travel time spent in this place.
 C = Inter-level travel time spent in this place.
 D = Time resting spent in this place.
 E = Time spent auto-exploring this place.
 F = Levels seen in this place.
 G = Mean time per level.
                   A        B        C        D        E       F      G
               +--------+--------+--------+--------+--------+-----+--------+
         Total |  21277 |  20201 |   1076 |   4672 |  13043 |  12 | 1773.1 |
       Dungeon |  18685 |  17702 |    983 |   3793 |  11859 |  10 | 1868.5 |
          Lair |   2592 |   2500 |     92 |    879 |   1184 |   2 | 1296.0 |
               +--------+--------+--------+--------+--------+-----+--------+

Top non-repeatable levels by time:
     D:5: 3194 daAuts
     D:6: 2831 daAuts
     D:8: 2736 daAuts
  Lair:1: 2167 daAuts
     D:1: 1822 daAuts
     D:2: 1689 daAuts
     D:4: 1642 daAuts
    D:10: 1381 daAuts
     D:9: 1333 daAuts
     D:3: 1088 daAuts
     D:7: 965 daAuts
  Lair:2: 424 daAuts
